 Dungeon Crawl Stone Soup version 0.28.0-53-g5a82cb258f (webtiles) character file.

Game seed: 2437322461659591348

93 DemonSlayer the Firebug (level 4, -1/30 HPs)
             Began as a Demonspawn Fire Elementalist on July 22, 2022.
             Slain by Robin
             ... wielding a +0 spear
              (3 damage)
             ... on level 3 of the Dungeon.
             The game lasted 00:03:29 (2621 turns).

DemonSlayer the Firebug (DsFE)                      Turns: 2621, Time: 00:03:29

Health: -1/30      AC:  2    Str:  9    XL:     4   Next: 37%
Magic:  1/8        EV: 16    Int: 18    God:
Gold:   124        SH:  0    Dex: 19    Spells: 2/8 levels left

rFire   . . .      SeeInvis .   b - +0 mace
rCold   . . .      Faith    .   (no shield)
rNeg    . . .      Spirit   .   a - +0 robe
rPois   .          Reflect  .   (no helmet)
rElec   .          Harm     .   (no cloak)
rCorr   .          Rampage  .   (no gloves)
Will    .....                   (no boots)
Stlth   ++........              (no amulet)
HPRegen 0.10/turn               h - +4 ring of evasion
MPRegen 0.11/turn               k - +6 ring of dexterity

@: no status effects
A: spiny 1
a: no special abilities


You were on level 3 of the Dungeon.
You visited 1 branch of the dungeon, and saw 3 of its levels.

You collected 124 gold pieces.

Inventory:

Hand Weapons
 b - a +0 mace (weapon)
Armour
 a - a +0 robe (worn)
Jewellery
 h - a +4 ring of evasion (left hand)
 k - a +6 ring of dexterity (right hand)
Scrolls
 c - a scroll of identify {unknown}
 e - a scroll of blinking {unknown}
 f - a scroll of teleportation {unknown}
 i - a scroll of amnesia {unknown}
Potions
 d - a potion of mutation {unknown}
 g - a potion of curing {unknown}
 j - a potion of brilliance {unknown}


   Skills:
 + Level 0.1 Maces & Flails
 + Level 2.0 Dodging
 + Level 2.1 Stealth
 + Level 2.9 Spellcasting
 + Level 1.5 Conjurations
 + Level 3.6 Fire Magic


You had 2 spell levels left.
You knew the following spells:

 Your Spells              Type           Power      Damage    Failure   Level
a - Foxfire               Conj/Fire      48%        2x1d6     5%          1
b - Scorch                Fire           30%        2d6       5%          2
c - Conjure Flame         Conj/Fire      12%        6-21      17%         3

Your spell library contained the following spells:

 Spells                   Type           Power      Damage    Failure   Level
 Blink                    Tloc           4%         N/A       26%         2
 Inner Flame              Hex/Fire       9%         N/A       24%         3
 Flame Wave               Conj/Fire      12%        2d6       50%         4
 Manifold Assault         Tloc           2%         N/A       99%         5
 Storm Form               Tmut/Air       1%         N/A       100%        7


Dungeon Overview and Level Annotations

Branches:
Dungeon (3/15)

Altars:
Fedhas
Hepliaklqana

Annotations:
D:3 Robin


Innate Abilities, Weirdness & Mutations

You are partially covered in sharp spines.


Message History

The goblin barely misses you.
A goblin comes into view. It is wielding a +0 dagger.
Robin barely misses you.
You hit the goblin.
The goblin is heavily wounded.
The goblin no longer looks unusually strong.
The hobgoblin no longer looks unusually strong.
The goblin hits you with a +0 dagger. Robin barely misses you.
The goblin hits you with a +0 dagger. The ball python bites you.
You hit the goblin but do no damage.
The goblin is heavily wounded.
Robin roars a battlecry!
The goblins go into a battle-frenzy!
The ball python is struck by your spines.
The ball python bites you. The goblin is struck by your spines.
The goblin hits you with a +0 dagger.
* * * LOW HITPOINT WARNING * * *
You hit the goblin but do no damage.
The goblin is severely wounded.
The ball python misses you. Robin closely misses you.
The goblin is struck by your spines.
You kill the goblin!
The ball python is struck by your spines.
You kill the ball python!
Robin throws the goblin at you!
Unknown command.
The goblin shoots a stone.
The stone hits you.
* * * LOW HITPOINT WARNING * * *
The goblin is struck by your spines. The goblin closely misses you.
Robin throws the goblin at you!
* * * LOW HITPOINT WARNING * * *
You hit the goblin.
The goblin is severely wounded.
The goblin unwields a +0 hunting sling.
The goblin wields a +0 dagger of draining.
You sense an unholy aura.
The goblin is struck by your spines.
You kill the goblin!
The goblin closely misses you. Robin completely misses you.
Robin hits you from afar with a +0 spear.
You die...

..# .. ###.#### .. ...
#....... #.#####...
#.......
..#....#....##.......
.######)....##........)..<.
....#..)..................<
##....gg#####.....#.......
#.....##)...............##.
#........g@........####....
........)####..#..... ####.
....(.....##...#..##.# #.
..........##.#.#..##.## #.
...(.........#.#..##..# #.
........##..#......#.# #.
...#...###.####..#.#.####.
##.#### #..###........... #
...............#)


You could see Robin, a hobgoblin (strong) and a goblin (strong).

Vanquished Creatures
  3 adders
  A worm (D:2)
  A dart slug (D:2)
  2 orcs (D:3)
  2 endoplasms (D:3)
  2 giant cockroaches (D:1)
  9 goblins
  9 hobgoblins
  5 jackals (D:1)
  A quokka (D:2)
  7 ball pythons
  5 bats
  A frilled lizard (D:1)
  4 kobolds
  2 rats
54 creatures vanquished.

Vanquished Creatures (others)
  199 foxfires
  6 plants (D:1)
205 creatures vanquished.

Grand Total: 259 creatures vanquished

Notes
Turn   | Place    | Note
-------+----------+-------------------------------------------
     0 | D:1      | DemonSlayer the Demonspawn Fire Elementalist began the
                  | quest for the Orb.
     0 | D:1      | Reached XP level 1. HP: 13/13 MP: 3/3
   231 | D:1      | Reached skill level 3 in Fire Magic
   233 | D:1      | Gained mutation: You are partially covered in sharp spines.
                  | [demonic ancestry]
   233 | D:1      | Reached XP level 2. HP: 15/19 MP: 5/5
   425 | D:1      | Found a faded altar of an unknown god.
   906 | D:1      | Learned a level 2 spell: Scorch
   988 | D:2      | Reached XP level 3. HP: 24/24 MP: 1/6
  1304 | D:2      | Found a blossoming altar of Fedhas.
  2156 | D:2      | Learned a level 3 spell: Conjure Flame
  2318 | D:3      | Found a hazy altar of Hepliaklqana.
  2461 | D:3      | Reached XP level 4. HP: 30/30 MP: 2/8
  2602 | D:3      | Noticed Robin
  2621 | D:3      | Slain by Robin

Illustrated notes

Levels and vault maps discovered:
D:1:      elethiomel_arrival_shortcut, layout_rooms,
          hellmonk_ecumenical_altar_pennies_from_heaven, serial_forest,
          infiniplex_forest_clump_medium, infiniplex_forest_straight_2,
          infiniplex_forest_lined_3_way, infiniplex_forest_clump_curved,
          infiniplex_forest_lined_room_2, infiniplex_forest_end_double,
          infiniplex_forest_lined_room_, infiniplex_forest_zigzag_2
D:2:      layout_loops_corners, basic_altar, hangedman_feature_mirror
D:3:      layout_rooms, grunt_temple_overflow_opulence, nicolae_ru_awakened_eye,
          nzn_hepliaklqana_mist_gate, mainiacjoe_overflow_alcove_2, uniq_robin

Skill      XL: |  1  2 |
---------------+-------+-----
Fire Magic     | 3 |  3.6
Stealth        | 2 |  2.1
Dodging        | 2 |  2.0
Maces & Flails | |  0.1
Spellcasting   | |  2.9
Conjurations   | |  1.5

Action                   |  1- 3 |  4- 6 || total
-------------------------+-------+-------++-------
Melee: Mace              |    20 |    11 ||    31
       Punch             |     1 |       ||     1
 Cast: Foxfire           |   106 |    16 ||   122
 Stab: Sleeping          |     1 |       ||     1
Armor: Robe              |     7 |     1 ||     8
Dodge: Dodged            |    19 |    17 ||    36
